 Dungeon Crawl Stone Soup version 0.23-a0-619-g281719c (webtiles) character file.

145 hairmachine the Ruffian (level 5, 0/40 HPs)
             Began as a Draconian Transmuter on Dec 22, 2018.
             Slain by Natasha (9 damage)
             ... on level 3 of the Dungeon.
             The game lasted 00:15:49 (3857 turns).

hairmachine the Ruffian (Draconian Transmuter)      Turns: 3857, Time: 00:15:50

Health: 0/40       AC:  5    Str: 13    XL:     5   Next: 6%
Magic:  3/8        EV: 12    Int: 13    God:
Gold:   106        SH:  0    Dex: 12    Spells: 2/8 levels left

rFire    . . .     SeeInvis .     - Unarmed
rCold    . . .     Gourm    .   (no shield)
rNeg     . . .     Faith    .   (armour unavailable)
rPois    .         Spirit   .   (helmet restricted)
rElec    .         Reflect  .   (no cloak)
rCorr    +         Harm     .   (no gloves)
MR       .....                  (boots currently unavailable)
Stlth    +.........             (no amulet)
HPRegen  0.13/turn              n - ring of resist corrosion
MPRegen  0.11/turn              (no ring)

@: appendage (expiring), very slightly contaminated, slowed, very slow
A: unfitting armour, talons 3, cold-blooded, AC +5
a: End Transformation


You were on level 3 of the Dungeon.
You were not hungry.
You had grown temporary talons.
You visited 1 branch of the dungeon, and saw 3 of its levels.

You collected 106 gold pieces.

Inventory:

Hand Weapons
 b - a +0 hunting sling
Missiles
 a - 10 arrows
 f - 11 sling bullets
 l - 99 stones (quivered)
Jewellery
 d - an uncursed ring of ice {unknown}
 n - a ring of resist corrosion (left hand)
Scrolls
 h - 3 scrolls of remove curse {unknown}
 i - a scroll of enchant weapon {unknown}
 k - a scroll of magic mapping
 o - a scroll of identify
Potions
 e - a potion of agility {unknown}
 g - 3 potions of curing {unknown}
 j - a potion of mutation {unknown}
 p - a potion of brilliance {unknown}
 q - a potion of degeneration {unknown}
Comestibles
 c - a ration
 m - 2 chunks of flesh


   Skills:
 - Level 1.1 Fighting
 - Level 1.7 Dodging
 - Level 5.0 Unarmed Combat
 - Level 2.0 Spellcasting
 + Level 3.4 Transmutations
 + Level 0.1 Poison Magic


You had 2 spell levels left.
You knew the following spells:

 Your Spells              Type           Power        Failure   Level  Hunger
a - Beastly Appendage     Tmut           ##....       6%          1    ##.....
b - Sticks to Snakes      Tmut           ##......     10%         2    ###....
c - Spider Form           Tmut/Pois      #.........   36%         3    ####...

Your spell library contained the following spells:

 Spells                   Type           Power        Failure   Level  Hunger
 Ice Form                 Ice/Tmut       #.......     77%         4    #####..
 Blade Hands              Tmut           ##........   87%         5    ######.


Dungeon Overview and Level Annotations

Branches:
Dungeon (3/15)

Altars:
Xom

Annotations:
D:1 lg, exclusion: downstairs
D:3 Natasha, Sigmund


Innate Abilities, Weirdness & Mutations

Your plain brown scales are hard. (AC +5)
You cannot fit into any form of body armour.
You are cold-blooded and may be slowed by cold attacks.
You have claws for feet.


Message History

You barely miss Natasha. Natasha claws you.
Casting: Beastly Appendage (safe; 6% risk of failure)
Confirm with . or Enter, or press ? or * to list all spells.
Your feet morph into talons.
Natasha claws you.
Casting: Beastly Appendage (safe; 6% risk of failure)
Confirm with . or Enter, or press ? or * to list all spells.
You miscast Sticks to Snakes.
You are very lightly contaminated with residual magic.
Your skin glows momentarily.
Your transformation is almost over.
Natasha claws you. x2
Casting: Sticks to Snakes (safe; 10% risk of failure)
Confirm with . or Enter, or press ? or * to list all spells.
You create a snake!
You now have 10 arrows.
Natasha claws you.
You punch Natasha! Your kick misses Natasha.
Natasha is heavily wounded.
Natasha claws you!
* * * LOW HITPOINT WARNING * * *
Natasha claws you!
You die...

#.# #.# #.# #.# #.# #.#
#####.######## #.#
#..........>.. #.#
#.###.######## #.# #.# #.#
#.# #.# #S# #.# #.# #@#
#.#########.###h## .##
#.<..............#####....
################.....$....
#..(.....# ##########


You could see Natasha and a friendly ball python.

Vanquished Creatures
  Jessica (D:2)
  Robin (D:2)
  2 adders (D:2)
  3 oozes
  A worm (D:2)
  3 dart slugs
  A leopard gecko (D:1)
  5 bats
  2 giant cockroaches
  13 goblins
  10 hobgoblins
  3 jackals (D:1)
  5 kobolds
  2 quokkas
  6 frilled lizards
  5 rats
63 creatures vanquished.

Notes
Turn   | Place    | Note
-------+----------+-------------------------------------------
     0 | D:1      | hairmachine the Draconian Transmuter began the quest for
                  | the Orb.
     0 | D:1      | Reached XP level 1. HP: 16/16 MP: 3/3
   566 | D:1      | Reached XP level 2. HP: 23/23 MP: 3/5
   760 | D:1      | Found a shimmering altar of Xom.
   956 | D:1      | Learned a level 2 spell: Sticks to Snakes
  1411 | D:1      | Reached XP level 3. HP: 25/28 MP: 4/6
  1672 | D:1      | Reached skill level 4 in Unarmed Combat
  1890 | D:2      | Noticed Robin
  2078 | D:2      | Noticed Jessica
  2084 | D:2      | Killed Jessica
  2084 | D:2      | Reached XP level 4. HP: 35/35 MP: 4/7
  2209 | D:2      | Killed Robin
  3105 | D:2      | Learned a level 3 spell: Spider Form
  3443 | D:2      | Reached skill level 5 in Unarmed Combat
  3621 | D:2      | Reached XP level 5. HP: 40/40 MP: 8/8
  3683 | D:3      | Noticed Sigmund
  3846 | D:3      | Noticed Natasha
  3857 | D:3      | Slain by Natasha

Vault maps used:
D:1:      tarquinn_simple_flora_water_b, xom_teletrap_fun
D:2:      minmay_heptomino_l4, uniq_robin, uniq_jessica
D:3:      first_ration, uniq_crazy_yiuf_cottage, uniq_grinder, uniq_terence,
          uniq_sigmund, uniq_natasha

Skill      XL: |  1  2  3  4 |
---------------+-------------+-----
Unarmed Combat | 4 5 |  5.0
Transmutations | 3 |  3.4
Fighting       | |  1.1
Dodging        | |  1.7
Spellcasting   | |  2.0
Poison Magic   | |  0.1

Action                   |  1- 3 |  4- 6 || total
-------------------------+-------+-------++-------
Melee: Unarmed           |    93 |    91 ||   184
       Kick              |     7 |       ||     7
       Tailslap          |     7 |     8 ||    15
       Headbutt          |     2 |     5 ||     7
 Fire: Hunting sling     |       |    16 ||    16
 Cast: Beastly Appendage |    12 |     4 ||    16
       Sticks to Snakes  |     1 |     1 ||     2
  Use: Scroll            |       |     4 ||     4
 Stab: Sleeping          |       |     2 ||     2
       Distracted        |       |     1 ||     1
  Eat: Chunk             |     4 |     6 ||    10
Armor: Skin              |    28 |    24 ||    52
Dodge: Dodged            |    47 |    39 ||    86

Table legend:
 A = Non-vault XP
 B = Vault XP
 C = Vault XP percentage of total XP
 D = Non-vault monster count
 E = Vault monster count
 F = Vault count percentage of total count
                 A         B        C        D         E       F
            +---------+---------+-------+---------+---------+-------
      Total |     129 |      79 |  38.0 |      47 |      16 |  25.4
            +---------+---------+-------+---------+---------+-------
        D:1 |      55 |       7 |  11.3 |      24 |       4 |  14.3
        D:2 |      63 |      72 |  53.3 |      18 |      12 |  40.0
        D:3 |      11 |       0 |   0.0 |       5 |       0 |   0.0
            +---------+---------+-------+---------+---------+-------
